Maroons vs Oilers

Created - 3 janvier 2022 at 15:17

Goals
1 2 3 T
Maroons 1 0 0 1
Oilers 1 0 1 2
Shots
1 2 3 T
Maroons 9 14 10 33
Oilers 9 11 9 29

1st period

1. Maroons , Bo Horvat 12 (Gustav Nyquist 14, Matthew Tkachuk 16) at 11:28
2. Oilers , Jeff Skinner 8 (Cody Glass 12, Bobby Ryan 12) at 17:25

Penalties :
Zack Kassian (EDM) for High sticking (Double Minor) at 4:59

2nd period

No Goal

Penalties :
No Penalty

3rd period

3. Oilers , Kyle Okposo 6 (James Neal 9, Tomas Nosek 10) at 1:48

Penalties :
Jacob Trouba (MON) for Hooking (Minor) at 6:54

Goalie Stats

John Gibson (MON), 27 saves from 29 shots - (0,931), L, 9-14-3, 60:00 minutes
Kaapo Kahkonen (EDM), 32 saves from 33 shots - (0,970), W, 6-8-2, 60:00 minutes

Players Stats for Maroons

Player Name              G  A  P  +/- PIM S  H  SB GA TA FO     MP     PP MP  PK MP  
------------------------------------------------------------------------------------
Andrew Poturalski        0  0  0   0  0   0  1  0  0  0  0/0     7:19   0:00   0:00 
Bo Horvat                1  0  1   1  0   6  2  0  0  1  15/25  20:47   1:43   0:00 
Brian Pinho              0  0  0   0  0   0  0  1  0  0  1/1     8:24   0:00   0:39 
Casey Mittelstadt        0  0  0  -2  0   2  1  1  2  0  6/10   17:34   1:24   0:00 
Esa Lindell              0  0  0  -2  0   0  2  2  1  2  0/0    24:02   1:54   1:07 
Filip Zadina             0  0  0   0  0   2  2  1  1  0  0/0    12:03   1:00   0:00 
Frans Nielsen            0  0  0   0  0   0  1  0  0  1  4/8    12:55   0:56   0:56 
Gustav Nyquist           0  1  1   1  0   2  2  3  1  1  0/0    21:49   1:32   0:39 
Jacob Trouba             0  0  0   0  2   3  1  5  0  0  0/0    23:36   1:14   0:00 
John Hayden              0  0  0   0  0   0  1  0  0  0  0/0     8:59   0:59   0:55 
Kale Clague              0  0  0   1  0   1  1  1  0  1  0/0    14:52   0:00   0:52 
Kevin Shattenkirk        0  0  0   1  0   1  2  0  0  0  0/0    16:49   1:58   1:07 
Matthew Tkachuk          0  1  1   1  0   3  0  0  2  0  1/1    19:29   1:32   0:00 
Nick Ritchie             0  0  0   0  0   3  3  0  0  0  0/1    11:03   0:00   0:00 
Nick Schmaltz            0  0  0  -2  0   4  1  0  0  0  1/1    18:44   1:27   0:00 
Pierre-Luc Dubois        0  0  0  -2  0   1  2  1  0  0  0/0    18:29   1:24   0:49 
Rasmus Dahlin            0  0  0   0  0   4  2  1  0  0  0/0    23:01   1:26   0:52 
Vince Dunn               0  0  0  -2  0   1  0  1  1  0  0/0    18:05   1:26   0:00 

Players Stats for Oilers

Player Name              G  A  P  +/- PIM S  H  SB GA TA FO     MP     PP MP  PK MP  
------------------------------------------------------------------------------------
Ben Street               0  0  0   0  0   4  2  0  1  0  0/4    10:00   0:00   1:28 
Bobby Ryan               0  1  1   1  0   2  0  0  0  0  0/1    18:33   0:59   0:36 
Brandon Pirri            0  0  0   0  0   0  0  0  0  0  0/0     7:33   0:00   0:00 
Brendan Smith            0  0  0   0  0   1  1  1  0  0  0/0    16:39   0:00   0:56 
Cody Glass               0  1  1   1  0   4  2  0  0  0  3/9    19:06   0:59   1:36 
Connor McDavid           0  0  0  -1  0   1  0  2  0  0  12/26  17:21   1:00   0:08 
Jake Gardiner            0  0  0   1  0   1  1  1  0  1  0/0    18:34   0:56   1:31 
James Neal               0  1  1   1  0   0  0  0  0  0  0/0    12:34   0:00   0:00 
Jeff Skinner             1  0  1   1  0   4  0  1  0  1  0/0    17:30   0:59   0:00 
John Carlson             0  0  0   0  0   3  1  3  2  0  0/0    24:47   1:03   1:32 
Jordan Oesterle          0  0  0   1  0   0  0  1  0  2  0/0    18:34   0:56   1:31 
Kyle Okposo              1  0  1   1  0   4  1  1  2  0  0/0    16:22   1:00   1:37 
Luke Schenn              0  0  0   0  0   0  1  0  0  0  0/0    16:39   0:00   0:56 
Mark Giordano            0  0  0   0  0   2  2  0  1  2  0/0    24:47   1:03   1:32 
Nathan Gerbe             0  0  0   0  0   0  0  0  0  0  0/0     7:33   0:00   0:00 
Tim Stutzle              0  0  0  -1  0   2  1  0  0  0  0/0    18:03   1:00   1:05 
Tomas Nosek              0  1  1   1  0   1  1  0  0  0  3/4    15:13   0:00   1:28 
Zack Kassian             0  0  0  -1  4   0  1  1  0  2  1/3    16:12   0:00   0:00 

3 Stars

1 - Kaapo Kahkonen (EDM)
2 - Kyle Okposo (EDM)
3 - Bo Horvat (MON)

Power Play

Maroons - 0 on 2 Attempt(s) - 0,00%
Oilers - 0 on 1 Attempt(s) - 0,00%

Penalty Kill

Maroons - 1 on 1 Attempt(s) - 100,00% - Score 0 goal in Penalty Kill
Oilers - 2 on 2 Attempt(s) - 100,00% - Score 0 goal in Penalty Kill

Team Stat

Maroons - Hits : 24 - Faceoff Wins : 28 - Blocked Shots : 17 - Penalty Minutes : 2
Oilers - Hits : 14 - Faceoff Wins : 19 - Blocked Shots : 11 - Penalty Minutes : 4

Official

Referees : Dan O'Halloran and Kelly Sutherland
Linesman : Scott Driscoll and Brent Hooks

Game Notes

No Game Note

Finance

Level 1 -- Attendance: 4161 (69,35%) -- Ticket Income 436 905 $
Level 2 -- Attendance: 3598 (71,96%) -- Ticket Income 233 870 $
Level 3 -- Attendance: 1764 (88,20%) -- Ticket Income 67 032 $
Level 4 -- Attendance: 3442 (86,05%) -- Ticket Income 79 166 $
Luxury Box -- Attendance: 878 (87,80%) -- Ticket Income 166 820 $
Game was played at the Edmonton Coliseum.
Total Attendance: 13843 (76,91%)
Total Ticket Income: 983 793 $
Other Income: 482 059 $
Total Income: 1 465 852 $

Maroons

5 vs 5 Forward 
   Center                   Left Wing                Right Wing               Time % Phy DF OF 
 1 Bo Horvat                Matthew Tkachuk          Gustav Nyquist           40     1   2  2  
 2 Casey Mittelstadt        Pierre-Luc Dubois        Nick Schmaltz            30     1   2  2  
 3 Frans Nielsen            Nick Ritchie             Filip Zadina             20     1   2  2  
 4 Brian Pinho              John Hayden              Andrew Poturalski        10     1   2  2  

5 vs 5 Defense 
   Defense                  Defense                                           Time % Phy DF OF 
 1 Jacob Trouba             Rasmus Dahlin                                     40     1   2  2  
 2 Esa Lindell              Vince Dunn                                        30     1   2  2  
 3 Kevin Shattenkirk        Kale Clague                                       20     1   2  2  
 4 Esa Lindell              Jacob Trouba                                      10     1   2  2  

PowerPlay Forward 
   Center                   Left Wing                Right Wing               Time % Phy DF OF 
 1 Bo Horvat                Matthew Tkachuk          Gustav Nyquist           60     1   2  2  
 2 Casey Mittelstadt        Pierre-Luc Dubois        Nick Schmaltz            40     1   2  2  

PowerPlay Defense
   Defense                  Defense                                           Time % Phy DF OF 
 1 Esa Lindell              Kevin Shattenkirk                                 60     1   2  2  
 2 Rasmus Dahlin            Vince Dunn                                        40     1   2  2  

Penalty Kill 4 Players Forward 
   Center                   Wing                     Time % Phy DF OF 
 1 Frans Nielsen            John Hayden              60     1   2  2  
 2 John Hayden              Gustav Nyquist           40     1   2  2  

Penalty Kill 4 Players Defense
   Defense                  Defense                  Time % Phy DF OF 
 1 Esa Lindell              Kevin Shattenkirk        60     1   2  2  
 2 Kale Clague              Jacob Trouba             40     1   2  2  

Penalty Kill - 3 Players Forward 
   Forward                                           Time % Phy DF OF 
 1 Bo Horvat                                         60     1   2  2  
 2 Frans Nielsen                                     40     1   2  2  

Penalty Kill - 3 Players Defense
   Defense                  Defense                  Time % Phy DF OF 
 1 Esa Lindell              Kevin Shattenkirk        60     1   2  2  
 2 Rasmus Dahlin            Vince Dunn               40     1   2  2  

4 vs 4 Forward 
   Center                   Wing                     Time % Phy DF OF 
 1 Bo Horvat                Nick Schmaltz            60     1   2  2  
 2 Gustav Nyquist           Pierre-Luc Dubois        40     1   2  2  

4 vs 4 Defense
   Defense                  Defense                  Time % Phy DF OF 
 1 Esa Lindell              Kevin Shattenkirk        60     1   2  2  
 2 Rasmus Dahlin            Vince Dunn               40     1   2  2  

Last Minutes Offensive
   Center                   Left Wing                Right Wing               Defense                  Defense                  
   Bo Horvat                Nick Schmaltz            Gustav Nyquist           Esa Lindell              Kevin Shattenkirk        

Last Minutes Defensive
   Center                   Left Wing                Right Wing               Defense                  Defense                  
   Bo Horvat                Nick Schmaltz            Gustav Nyquist           Esa Lindell              Kevin Shattenkirk        

Goaltenders
Starting : John Gibson              
Backup : Michael Houser           

Extra Forwards
Normal : Bo Horvat, Frans Nielsen, Brian Pinho - PP : Gustav Nyquist, Frans Nielsen - PK : Brian Pinho
Extra Defensemen
Normal : Esa Lindell, Kevin Shattenkirk, Rasmus Dahlin - PP : Esa Lindell - PK : Esa Lindell, Rasmus Dahlin
Penalty Shots
Bo Horvat, Nick Schmaltz, Gustav Nyquist, Pierre-Luc Dubois, Nick Ritchie
Custom OT Lines Forwards
Bo Horvat, Nick Schmaltz, Gustav Nyquist, Pierre-Luc Dubois, Nick Ritchie, Frans Nielsen, Filip Zadina, Brian Pinho, John Hayden, Andrew Poturalski
Custom OT Lines Defensemen
Esa Lindell, Kevin Shattenkirk, Rasmus Dahlin, Vince Dunn, Jacob Trouba

Scratches
John Leonard (Healthy), Andy Andreoff (Healthy)

Oilers

5 vs 5 Forward 
   Center                   Left Wing                Right Wing               Time % Phy DF OF 
 1 Connor McDavid           Tim Stutzle              Zack Kassian             40     1   2  2  
 2 Cody Glass               Jeff Skinner             Bobby Ryan               30     1   2  2  
 3 Tomas Nosek              James Neal               Kyle Okposo              20     1   2  2  
 4 Ben Street               Nathan Gerbe             Brandon Pirri            10     1   2  2  

5 vs 5 Defense 
   Defense                  Defense                                           Time % Phy DF OF 
 1 John Carlson             Mark Giordano                                     40     1   2  2  
 2 Jordan Oesterle          Jake Gardiner                                     30     1   2  2  
 3 Brendan Smith            Luke Schenn                                       30     1   2  2  
 4 John Carlson             Mark Giordano                                     0      1   2  2  

PowerPlay Forward 
   Center                   Left Wing                Right Wing               Time % Phy DF OF 
 1 Connor McDavid           Tim Stutzle              Kyle Okposo              60     1   2  2  
 2 Cody Glass               Jeff Skinner             Bobby Ryan               40     1   2  2  

PowerPlay Defense
   Defense                  Defense                                           Time % Phy DF OF 
 1 John Carlson             Mark Giordano                                     60     1   2  2  
 2 Jordan Oesterle          Jake Gardiner                                     40     1   2  2  

Penalty Kill 4 Players Forward 
   Center                   Wing                     Time % Phy DF OF 
 1 Cody Glass               Kyle Okposo              50     1   2  2  
 2 Ben Street               Tomas Nosek              50     1   2  2  

Penalty Kill 4 Players Defense
   Defense                  Defense                  Time % Phy DF OF 
 1 John Carlson             Mark Giordano            50     1   2  2  
 2 Jordan Oesterle          Jake Gardiner            50     1   2  2  

Penalty Kill - 3 Players Forward 
   Forward                                           Time % Phy DF OF 
 1 Cody Glass                                        50     1   2  2  
 2 Ben Street                                        50     1   2  2  

Penalty Kill - 3 Players Defense
   Defense                  Defense                  Time % Phy DF OF 
 1 John Carlson             Mark Giordano            50     1   2  2  
 2 Jordan Oesterle          Jake Gardiner            50     1   2  2  

4 vs 4 Forward 
   Center                   Wing                     Time % Phy DF OF 
 1 Connor McDavid           Tim Stutzle              50     1   2  2  
 2 Cody Glass               Kyle Okposo              50     1   2  2  

4 vs 4 Defense
   Defense                  Defense                  Time % Phy DF OF 
 1 John Carlson             Mark Giordano            50     1   2  2  
 2 Jordan Oesterle          Jake Gardiner            50     1   2  2  

Last Minutes Offensive
   Center                   Left Wing                Right Wing               Defense                  Defense                  
   Connor McDavid           Tim Stutzle              Kyle Okposo              John Carlson             Mark Giordano            

Last Minutes Defensive
   Center                   Left Wing                Right Wing               Defense                  Defense                  
   Ben Street               Tomas Nosek              Kyle Okposo              John Carlson             Mark Giordano            

Goaltenders
Starting : Kaapo Kahkonen           
Backup : Joonas Korpisalo         

Extra Forwards
Normal : Cody Glass, Tomas Nosek, Ben Street - PP : Cody Glass, Tomas Nosek - PK : Ben Street
Extra Defensemen
Normal : Brendan Smith, Luke Schenn, Jordan Oesterle - PP : Brendan Smith - PK : Luke Schenn, Jordan Oesterle
Penalty Shots
Connor McDavid, Kyle Okposo, Tim Stutzle, Bobby Ryan, James Neal
Custom OT Lines Forwards
Connor McDavid, Kyle Okposo, Tim Stutzle, Bobby Ryan, James Neal, Cody Glass, Jeff Skinner, Tomas Nosek, Ben Street, Nathan Gerbe
Custom OT Lines Defensemen
John Carlson, Mark Giordano, Jordan Oesterle, Jake Gardiner, Brendan Smith

Scratches
Gaetan Haas (Healthy), Alex Biega (Healthy)

% Time on Ice - Maroons

Lines # - Real PCT - Wanted PCT - Time Play
Normal Forward
1 - 35% - 40% - 18:23
2 - 31% - 30% - 16:10
3 - 21% - 20% - 11:03
4 - 14% - 10% - 7:19
Normal Defense
1 - 37% - 40% - 19:44
2 - 31% - 30% - 16:39
3 - 26% - 20% - 13:46
4 - 5% - 10% - 2:46
PP Forward
1 - 64% - 60% - 2:32
2 - 36% - 40% - 1:27
PP Defense
1 - 64% - 60% - 2:33
2 - 36% - 40% - 1:26
PK Forward
1 - 100% - 60% - 1:59
2 - 0% - 40% - 0:00
PK Defense
1 - 56% - 60% - 1:07
2 - 44% - 40% - 0:52
PK3 Forward
1 - 0% - 60%
2 - 0% - 40%
PK3 Defense
1 - 0% - 60%
2 - 0% - 40%
44 Forward
1 - 0% - 60%
2 - 0% - 40%
44 Defense
1 - 0% - 60%
2 - 0% - 40%
Last Minute Offensive  - 1:07
Last Minute Defensive  - 0:00
Total
Forward - 60:00
Defense - 60:00

% Time on Ice - Oilers

Lines # - Real PCT - Wanted PCT - Time Play
Normal Forward
1 - 31% - 40% - 16:13
2 - 31% - 30% - 16:31
3 - 24% - 20% - 12:34
4 - 14% - 10% - 7:33
Normal Defense
1 - 41% - 40% - 21:33
2 - 29% - 30% - 15:35
3 - 30% - 30% - 15:43
4 - 0% - 0% - 0:00
PP Forward
1 - 50% - 60% - 1:00
2 - 50% - 40% - 0:59
PP Defense
1 - 53% - 60% - 1:03
2 - 47% - 40% - 0:56
PK Forward
1 - 49% - 50% - 1:57
2 - 51% - 50% - 2:02
PK Defense
1 - 47% - 50% - 1:52
2 - 53% - 50% - 2:07
PK3 Forward
1 - 0% - 50%
2 - 0% - 50%
PK3 Defense
1 - 0% - 50%
2 - 0% - 50%
44 Forward
1 - 0% - 50%
2 - 0% - 50%
44 Defense
1 - 0% - 50%
2 - 0% - 50%
Last Minute Offensive  - 0:00
Last Minute Defensive  - 1:11
Total
Forward - 60:00
Defense - 60:00

Play-by-Play

1st period


0:01 of 1st period - Connor McDavid wins face-off versus Bo Horvat in neutral zone.
1:14 of 1st period - Snap shot by Ben Street.
1:14 of 1st period - Shot Misses the Net.
2:20 of 1st period - Wrist shot by Tomas Nosek.
2:20 of 1st period - Shot Blocked by Kale Clague.
2:34 of 1st period - Snap shot by Bo Horvat.
2:34 of 1st period - Shot Misses the Net.
2:36 of 1st period - Backhand shot by Kale Clague.
2:36 of 1st period - Stopped by Kaapo Kahkonen with a rebound.
2:40 of 1st period - Wrist shot by Bo Horvat.
2:40 of 1st period - Deflect By Matthew Tkachuk.
2:40 of 1st period - Stopped by Kaapo Kahkonen without a rebound.
2:41 of 1st period - Connor McDavid wins face-off versus Casey Mittelstadt in Oilers zone.
3:06 of 1st period - Gustav Nyquist is hit by John Carlson and loses puck.
3:19 of 1st period - Snap shot by Cody Glass.
3:19 of 1st period - Deflect By Bobby Ryan.
3:19 of 1st period - Deflect By Bo Horvat.
3:19 of 1st period - Shot Misses the Net.
3:19 of 1st period - Puck is out of play.
3:20 of 1st period - Casey Mittelstadt wins face-off versus Ben Street in Maroons zone.
4:39 of 1st period - Wrist shot by Brian Pinho.
4:39 of 1st period - Shot Misses the Net.
4:59 of 1st period - Double Minor Penalty to Zack Kassian for High sticking.
5:00 of 1st period - Bo Horvat wins face-off versus Cody Glass in Oilers zone.
5:14 of 1st period - Snap shot by Bo Horvat.
5:14 of 1st period - Shot Hit the Post.
6:59 of 1st period - Ben Street is hit by Frans Nielsen.
8:59 of 1st period - Penalty to Zack Kassian is over, Zack Kassian is back on ice.
9:33 of 1st period - Connor McDavid is hit by Andrew Poturalski and loses puck.
10:19 of 1st period - Mark Giordano is hit by Filip Zadina and loses puck.
10:33 of 1st period - Icing by Frans Nielsen.
10:34 of 1st period - Frans Nielsen wins face-off versus Cody Glass in Maroons zone.
10:49 of 1st period - Jake Gardiner is hit by Rasmus Dahlin and loses puck.
11:09 of 1st period - Snap shot by Bobby Ryan.
11:09 of 1st period - Stopped by John Gibson with a rebound.
11:11 of 1st period - Slapshot by Jordan Oesterle.
11:11 of 1st period - Shot Misses the Net.
11:13 of 1st period - Slapshot by Cody Glass.
11:13 of 1st period - Stopped by John Gibson without a rebound.
11:14 of 1st period - Bo Horvat wins face-off versus Connor McDavid in Maroons zone.
11:19 of 1st period - Matthew Tkachuk is hit by Jake Gardiner and loses puck.
11:26 of 1st period - Wrist shot by Bo Horvat.
11:26 of 1st period - Stopped by Kaapo Kahkonen with a rebound.
11:28 of 1st period - Snap shot by Bo Horvat.
11:28 of 1st period - Goal by Bo Horvat - Maroons : 1 - Oilers : 0.
11:29 of 1st period - Connor McDavid wins face-off versus Bo Horvat in neutral zone.
11:34 of 1st period - Wrist shot by Tim Stutzle.
11:34 of 1st period - Shot Blocked by Gustav Nyquist.
11:36 of 1st period - Slapshot by John Carlson.
11:36 of 1st period - Deflect By Connor McDavid.
11:36 of 1st period - Shot Blocked by Jacob Trouba.
11:36 of 1st period - Puck is out of play.
11:37 of 1st period - Bo Horvat wins face-off versus Connor McDavid in Maroons zone.
11:55 of 1st period - Icing by Bo Horvat.
11:56 of 1st period - Cody Glass wins face-off versus Bo Horvat in Maroons zone.
12:09 of 1st period - Wrist shot by Gustav Nyquist.
12:09 of 1st period - Shot Blocked by Jake Gardiner.
12:28 of 1st period - Backhand shot by Bo Horvat.
12:28 of 1st period - Stopped by Kaapo Kahkonen with a rebound.
13:09 of 1st period - Snap shot by Ben Street.
13:09 of 1st period - Stopped by John Gibson with a rebound.
13:11 of 1st period - Snap shot by Nathan Gerbe.
13:11 of 1st period - Shot Misses the Net.
13:13 of 1st period - Slapshot by John Carlson.
13:13 of 1st period - Stopped by John Gibson with a rebound.
13:15 of 1st period - Wrist shot by Nathan Gerbe.
13:15 of 1st period - Shot Blocked by Filip Zadina.
13:31 of 1st period - Snap shot by Cody Glass.
13:31 of 1st period - Stopped by John Gibson with a rebound.
13:51 of 1st period - Wrist shot by Casey Mittelstadt.
13:51 of 1st period - Shot Blocked by Kyle Okposo.
14:35 of 1st period - Slapshot by Bobby Ryan.
14:35 of 1st period - Stopped by John Gibson with a rebound.
14:37 of 1st period - Snap shot by Cody Glass.
14:37 of 1st period - Shot Blocked by Rasmus Dahlin.
14:39 of 1st period - Wrist shot by Cody Glass.
14:39 of 1st period - Shot Misses the Net.
14:41 of 1st period - Slapshot by Jeff Skinner.
14:41 of 1st period - Shot Blocked by Jacob Trouba.
14:55 of 1st period - Jacob Trouba is hit by Zack Kassian and loses puck.
15:16 of 1st period - Wrist shot by Nick Ritchie.
15:16 of 1st period - Deflect By John Carlson.
15:16 of 1st period - Stopped by Kaapo Kahkonen with a rebound.
15:44 of 1st period - Bo Horvat is hit by Ben Street and loses puck.
16:39 of 1st period - Filip Zadina is hit by Kyle Okposo and loses puck.
17:17 of 1st period - Esa Lindell is hit by Cody Glass.
17:21 of 1st period - Snap shot by Jeff Skinner.
17:21 of 1st period - Shot Misses the Net.
17:23 of 1st period - Snap shot by Cody Glass.
17:23 of 1st period - Stopped by John Gibson with a rebound.
17:25 of 1st period - Snap shot by Jeff Skinner.
17:25 of 1st period - Goal by Jeff Skinner - Maroons : 1 - Oilers : 1.
17:26 of 1st period - Bo Horvat wins face-off versus Connor McDavid in neutral zone.
18:34 of 1st period - Slapshot by Ben Street.
18:34 of 1st period - Stopped by John Gibson with a rebound.
19:15 of 1st period - Jeff Skinner is hit by Nick Schmaltz and loses puck.
19:22 of 1st period - Slapshot by Nick Schmaltz.
19:22 of 1st period - Stopped by Kaapo Kahkonen with a rebound.
19:24 of 1st period - Slapshot by Jacob Trouba.
19:24 of 1st period - Stopped by Kaapo Kahkonen with a rebound.
19:26 of 1st period - Wrist shot by Pierre-Luc Dubois.
19:26 of 1st period - Stopped by Kaapo Kahkonen without a rebound.
19:27 of 1st period - Connor McDavid wins face-off versus Bo Horvat in Oilers zone.
19:27 of 1st period - Connor McDavid is hit by Gustav Nyquist.
19:53 of 1st period - Snap shot by Cody Glass.
19:53 of 1st period - Shot Misses the Net.
19:55 of 1st period - Snap shot by Jeff Skinner.
19:55 of 1st period - Shot Blocked by Pierre-Luc Dubois.
Goals for this period are 1 for Maroons vs 1 for Oilers.
Shots for this period are 9 for Maroons vs 9 for Oilers.

2nd period


0:01 of 2nd period - Matthew Tkachuk wins face-off versus Connor McDavid in neutral zone.
0:10 of 2nd period - John Carlson is hit by Rasmus Dahlin and loses puck.
0:54 of 2nd period - Kyle Okposo is hit by Nick Ritchie and loses puck.
1:07 of 2nd period - Snap shot by Ben Street.
1:07 of 2nd period - Deflect By Brandon Pirri.
1:07 of 2nd period - Shot Blocked by Brian Pinho.
1:07 of 2nd period - Puck is out of play.
1:08 of 2nd period - Brian Pinho wins face-off versus Ben Street in Maroons zone.
1:19 of 2nd period - Slapshot by Rasmus Dahlin.
1:19 of 2nd period - Deflect By Ben Street.
1:19 of 2nd period - Stopped by Kaapo Kahkonen with a rebound.
1:54 of 2nd period - Wrist shot by Brandon Pirri.
1:54 of 2nd period - Shot Misses the Net.
1:58 of 2nd period - Slapshot by Ben Street.
1:58 of 2nd period - Deflect By Rasmus Dahlin.
1:58 of 2nd period - Shot Misses the Net.
1:58 of 2nd period - Puck is out of play.
1:59 of 2nd period - Connor McDavid wins face-off versus Bo Horvat in Maroons zone.
2:00 of 2nd period - Snap shot by Tim Stutzle.
2:00 of 2nd period - Shot Blocked by Vince Dunn.
2:02 of 2nd period - Snap shot by Tim Stutzle.
2:02 of 2nd period - Shot Misses the Net.
2:04 of 2nd period - Snap shot by Tim Stutzle.
2:04 of 2nd period - Shot Blocked by Gustav Nyquist.
2:58 of 2nd period - Wrist shot by Jeff Skinner.
2:58 of 2nd period - Stopped by John Gibson with a rebound.
3:15 of 2nd period - Icing by Matthew Tkachuk.
3:16 of 2nd period - Bo Horvat wins face-off versus Connor McDavid in Maroons zone.
3:16 of 2nd period - Bo Horvat is hit by Tim Stutzle.
3:48 of 2nd period - Snap shot by Casey Mittelstadt.
3:48 of 2nd period - Stopped by Kaapo Kahkonen without a rebound.
3:49 of 2nd period - Nick Schmaltz wins face-off versus Connor McDavid in Oilers zone.
3:54 of 2nd period - Snap shot by Tim Stutzle.
3:54 of 2nd period - Stopped by John Gibson without a rebound.
3:55 of 2nd period - Casey Mittelstadt wins face-off versus Zack Kassian in Maroons zone.
4:41 of 2nd period - Jacob Trouba is hit by Luke Schenn and loses puck.
5:04 of 2nd period - Wrist shot by Nick Ritchie.
5:04 of 2nd period - Stopped by Kaapo Kahkonen with a rebound.
5:08 of 2nd period - Snap shot by Filip Zadina.
5:08 of 2nd period - Stopped by Kaapo Kahkonen without a rebound.
5:09 of 2nd period - Connor McDavid wins face-off versus Frans Nielsen in Oilers zone.
5:35 of 2nd period - Pierre-Luc Dubois is hit by Cody Glass and loses puck.
6:05 of 2nd period - John Carlson is hit by John Hayden and loses puck.
6:15 of 2nd period - Off-side.
6:16 of 2nd period - Bo Horvat wins face-off versus Connor McDavid in neutral zone.
7:08 of 2nd period - Brendan Smith is hit by Nick Ritchie and loses puck.
7:27 of 2nd period - Wrist shot by John Hayden.
7:27 of 2nd period - Shot Misses the Net.
7:29 of 2nd period - Snap shot by Jacob Trouba.
7:29 of 2nd period - Stopped by Kaapo Kahkonen with a rebound.
7:31 of 2nd period - Backhand shot by Jacob Trouba.
7:31 of 2nd period - Deflect By Connor McDavid.
7:31 of 2nd period - Stopped by Kaapo Kahkonen with a rebound.
8:22 of 2nd period - Icing by Kevin Shattenkirk.
8:23 of 2nd period - Cody Glass wins face-off versus Casey Mittelstadt in Maroons zone.
8:38 of 2nd period - Mark Giordano is hit by Kevin Shattenkirk and loses puck.
8:55 of 2nd period - Snap shot by Jeff Skinner.
8:55 of 2nd period - Stopped by John Gibson with a rebound.
9:01 of 2nd period - Jeff Skinner is hit by Kale Clague and loses puck.
9:10 of 2nd period - Wrist shot by Nick Schmaltz.
9:10 of 2nd period - Deflect By Casey Mittelstadt.
9:10 of 2nd period - Shot Misses the Net.
9:10 of 2nd period - Puck is out of play.
9:11 of 2nd period - Connor McDavid wins face-off versus Bo Horvat in Oilers zone.
9:16 of 2nd period - Connor McDavid is hit by Gustav Nyquist.
9:36 of 2nd period - Filip Zadina is hit by Brendan Smith and loses puck.
10:31 of 2nd period - Brendan Smith is hit by Bo Horvat and loses puck.
10:54 of 2nd period - Snap shot by Gustav Nyquist.
10:54 of 2nd period - Shot Misses the Net.
10:56 of 2nd period - Backhand shot by Rasmus Dahlin.
10:56 of 2nd period - Shot Blocked by Jeff Skinner.
10:58 of 2nd period - Slapshot by Jacob Trouba.
10:58 of 2nd period - Shot Misses the Net.
11:00 of 2nd period - Snap shot by Bo Horvat.
11:00 of 2nd period - Shot Misses the Net.
11:02 of 2nd period - Slapshot by Bo Horvat.
11:02 of 2nd period - Stopped by Kaapo Kahkonen without a rebound.
11:03 of 2nd period - Tomas Nosek wins face-off versus Casey Mittelstadt in Oilers zone.
11:14 of 2nd period - Snap shot by John Carlson.
11:14 of 2nd period - Deflect By Casey Mittelstadt.
11:14 of 2nd period - Stopped by John Gibson without a rebound.
11:15 of 2nd period - Connor McDavid wins face-off versus Frans Nielsen in Maroons zone.
11:42 of 2nd period - Jordan Oesterle is hit by Casey Mittelstadt.
11:48 of 2nd period - Snap shot by Cody Glass.
11:48 of 2nd period - Stopped by John Gibson without a rebound.
11:49 of 2nd period - Bo Horvat wins face-off versus Cody Glass in Maroons zone.
11:56 of 2nd period - Snap shot by Bo Horvat.
11:56 of 2nd period - Shot Misses the Net.
11:58 of 2nd period - Snap shot by Gustav Nyquist.
11:58 of 2nd period - Shot Blocked by John Carlson.
12:44 of 2nd period - Wrist shot by Filip Zadina.
12:44 of 2nd period - Shot Misses the Net.
12:56 of 2nd period - Slapshot by Rasmus Dahlin.
12:56 of 2nd period - Stopped by Kaapo Kahkonen with a rebound.
13:20 of 2nd period - Jeff Skinner is hit by Jacob Trouba and loses puck.
14:01 of 2nd period - Icing by Jeff Skinner.
14:02 of 2nd period - Casey Mittelstadt wins face-off versus Connor McDavid in Oilers zone.
14:05 of 2nd period - Slapshot by Pierre-Luc Dubois.
14:05 of 2nd period - Deflect By Nick Schmaltz.
14:05 of 2nd period - Stopped by Kaapo Kahkonen with a rebound.
14:07 of 2nd period - Snap shot by Kale Clague.
14:07 of 2nd period - Shot Hit the Post.
14:59 of 2nd period - Snap shot by Andrew Poturalski.
14:59 of 2nd period - Shot Blocked by John Carlson.
15:58 of 2nd period - Icing by Nick Schmaltz.
15:59 of 2nd period - Bo Horvat wins face-off versus Cody Glass in Maroons zone.
16:58 of 2nd period - Snap shot by Cody Glass.
16:58 of 2nd period - Shot Misses the Net.
17:08 of 2nd period - Wrist shot by Gustav Nyquist.
17:08 of 2nd period - Shot Blocked by Jordan Oesterle.
17:10 of 2nd period - Slapshot by Kale Clague.
17:10 of 2nd period - Shot Misses the Net.
17:12 of 2nd period - Snap shot by Gustav Nyquist.
17:12 of 2nd period - Stopped by Kaapo Kahkonen with a rebound.
17:18 of 2nd period - Snap shot by Gustav Nyquist.
17:18 of 2nd period - Stopped by Kaapo Kahkonen with a rebound.
17:20 of 2nd period - Snap shot by Bo Horvat.
17:20 of 2nd period - Stopped by Kaapo Kahkonen with a rebound.
17:22 of 2nd period - Backhand shot by Kevin Shattenkirk.
17:22 of 2nd period - Stopped by Kaapo Kahkonen without a rebound.
17:23 of 2nd period - Casey Mittelstadt wins face-off versus Connor McDavid in Oilers zone.
17:28 of 2nd period - Wrist shot by Casey Mittelstadt.
17:28 of 2nd period - Stopped by Kaapo Kahkonen with a rebound.
17:30 of 2nd period - Slapshot by Rasmus Dahlin.
17:30 of 2nd period - Shot Blocked by Zack Kassian.
17:44 of 2nd period - Tim Stutzle is hit by Pierre-Luc Dubois and loses puck.
17:57 of 2nd period - Snap shot by Mark Giordano.
17:57 of 2nd period - Stopped by John Gibson without a rebound.
17:58 of 2nd period - Frans Nielsen wins face-off versus Tomas Nosek in Maroons zone.
17:58 of 2nd period - Frans Nielsen is hit by Tomas Nosek.
18:32 of 2nd period - Snap shot by Tomas Nosek.
18:32 of 2nd period - Stopped by John Gibson with a rebound.
18:34 of 2nd period - Slapshot by Brendan Smith.
18:34 of 2nd period - Stopped by John Gibson without a rebound.
18:35 of 2nd period - Connor McDavid wins face-off versus Casey Mittelstadt in Maroons zone.
18:36 of 2nd period - Wrist shot by Tim Stutzle.
18:36 of 2nd period - Shot Misses the Net.
18:38 of 2nd period - Backhand shot by John Carlson.
18:38 of 2nd period - Stopped by John Gibson with a rebound.
18:40 of 2nd period - Slapshot by Connor McDavid.
18:40 of 2nd period - Shot Blocked by Casey Mittelstadt.
18:42 of 2nd period - Wrist shot by Tim Stutzle.
18:42 of 2nd period - Shot Misses the Net.
18:44 of 2nd period - Slapshot by Tim Stutzle.
18:44 of 2nd period - Shot Blocked by Esa Lindell.
18:46 of 2nd period - Slapshot by Mark Giordano.
18:46 of 2nd period - Stopped by John Gibson with a rebound.
18:50 of 2nd period - Snap shot by Connor McDavid.
18:50 of 2nd period - Stopped by John Gibson with a rebound.
19:00 of 2nd period - Pierre-Luc Dubois is hit by Ben Street and loses puck.
19:26 of 2nd period - Jordan Oesterle is hit by Pierre-Luc Dubois and loses puck.
Goals for this period are 0 for Maroons vs 0 for Oilers.
Shots for this period are 14 for Maroons vs 11 for Oilers.

3rd period


0:01 of 3rd period - Bo Horvat wins face-off versus Connor McDavid in neutral zone.
0:15 of 3rd period - Wrist shot by Tim Stutzle.
0:15 of 3rd period - Shot Blocked by Jacob Trouba.
1:24 of 3rd period - Wrist shot by James Neal.
1:24 of 3rd period - Shot Misses the Net.
1:38 of 3rd period - Slapshot by Vince Dunn.
1:38 of 3rd period - Stopped by Kaapo Kahkonen with a rebound.
1:48 of 3rd period - Wrist shot by Kyle Okposo.
1:48 of 3rd period - Goal by Kyle Okposo - Maroons : 1 - Oilers : 2.
1:49 of 3rd period - Connor McDavid wins face-off versus Bo Horvat in neutral zone.
2:01 of 3rd period - Backhand shot by Matthew Tkachuk.
2:01 of 3rd period - Stopped by Kaapo Kahkonen with a rebound.
2:12 of 3rd period - Icing by Mark Giordano.
2:13 of 3rd period - Casey Mittelstadt wins face-off versus Bobby Ryan in Oilers zone.
2:26 of 3rd period - Snap shot by Nick Schmaltz.
2:26 of 3rd period - Shot Misses the Net.
2:38 of 3rd period - John Carlson is hit by Esa Lindell and loses puck.
2:45 of 3rd period - Snap shot by Nick Ritchie.
2:45 of 3rd period - Stopped by Kaapo Kahkonen without a rebound.
2:46 of 3rd period - Zack Kassian wins face-off versus Bo Horvat in Oilers zone.
2:58 of 3rd period - Slapshot by Tim Stutzle.
2:58 of 3rd period - Stopped by John Gibson without a rebound.
2:59 of 3rd period - Connor McDavid wins face-off versus Bo Horvat in Maroons zone.
3:31 of 3rd period - Snap shot by Pierre-Luc Dubois.
3:31 of 3rd period - Shot Misses the Net.
3:37 of 3rd period - Slapshot by Nick Schmaltz.
3:37 of 3rd period - Stopped by Kaapo Kahkonen without a rebound.
3:38 of 3rd period - Tomas Nosek wins face-off versus Frans Nielsen in Oilers zone.
4:03 of 3rd period - Jacob Trouba is hit by Mark Giordano and loses puck.
5:15 of 3rd period - Snap shot by Kyle Okposo.
5:15 of 3rd period - Stopped by John Gibson with a rebound.
5:17 of 3rd period - Snap shot by Kyle Okposo.
5:17 of 3rd period - Stopped by John Gibson with a rebound.
5:39 of 3rd period - Snap shot by Matthew Tkachuk.
5:39 of 3rd period - Shot Blocked by John Carlson.
5:41 of 3rd period - Slapshot by Rasmus Dahlin.
5:41 of 3rd period - Stopped by Kaapo Kahkonen with a rebound.
6:02 of 3rd period - Wrist shot by Jeff Skinner.
6:02 of 3rd period - Stopped by John Gibson without a rebound.
6:03 of 3rd period - Casey Mittelstadt wins face-off versus Connor McDavid in Maroons zone.
6:43 of 3rd period - Snap shot by Nick Schmaltz.
6:43 of 3rd period - Stopped by Kaapo Kahkonen without a rebound.
6:44 of 3rd period - Bo Horvat wins face-off versus Connor McDavid in Oilers zone.
6:54 of 3rd period - Minor Penalty to Jacob Trouba for Hooking.
6:55 of 3rd period - Connor McDavid wins face-off versus Frans Nielsen in Maroons zone.
7:39 of 3rd period - Snap shot by Kyle Okposo.
7:39 of 3rd period - Shot Misses the Net.
8:54 of 3rd period - Penalty to Jacob Trouba is over, Jacob Trouba is back on ice.
9:26 of 3rd period - Off-side.
9:27 of 3rd period - Tomas Nosek wins face-off versus Nick Ritchie in neutral zone.
9:34 of 3rd period - Wrist shot by Rasmus Dahlin.
9:34 of 3rd period - Deflect By Tomas Nosek.
9:34 of 3rd period - Stopped by Kaapo Kahkonen with a rebound.
9:36 of 3rd period - Wrist shot by Filip Zadina.
9:36 of 3rd period - Shot Misses the Net.
9:59 of 3rd period - Wrist shot by Kyle Okposo.
9:59 of 3rd period - Shot Blocked by Jacob Trouba.
10:01 of 3rd period - Wrist shot by James Neal.
10:01 of 3rd period - Shot Misses the Net.
10:09 of 3rd period - Snap shot by James Neal.
10:09 of 3rd period - Shot Misses the Net.
10:15 of 3rd period - Wrist shot by Kyle Okposo.
10:15 of 3rd period - Stopped by John Gibson with a rebound.
10:17 of 3rd period - Snap shot by Kyle Okposo.
10:17 of 3rd period - Shot Misses the Net.
10:19 of 3rd period - Snap shot by Brendan Smith.
10:19 of 3rd period - Shot Blocked by Jacob Trouba.
10:21 of 3rd period - Slapshot by Brendan Smith.
10:21 of 3rd period - Deflect By James Neal.
10:21 of 3rd period - Shot Misses the Net.
10:21 of 3rd period - Puck is out of play.
10:22 of 3rd period - Bo Horvat wins face-off versus Connor McDavid in Maroons zone.
10:32 of 3rd period - Off-side.
10:33 of 3rd period - Bo Horvat wins face-off versus Zack Kassian in neutral zone.
11:00 of 3rd period - John Carlson is hit by Nick Ritchie and loses puck.
11:09 of 3rd period - Snap shot by Filip Zadina.
11:09 of 3rd period - Shot Misses the Net.
13:07 of 3rd period - Slapshot by Rasmus Dahlin.
13:07 of 3rd period - Shot Blocked by Connor McDavid.
13:11 of 3rd period - Slapshot by Gustav Nyquist.
13:11 of 3rd period - Shot Blocked by Connor McDavid.
13:13 of 3rd period - Wrist shot by Matthew Tkachuk.
13:13 of 3rd period - Stopped by Kaapo Kahkonen without a rebound.
13:14 of 3rd period - Frans Nielsen wins face-off versus Cody Glass in Oilers zone.
13:44 of 3rd period - Off-side.
13:45 of 3rd period - Bo Horvat wins face-off versus Connor McDavid in neutral zone.
14:36 of 3rd period - Kyle Okposo is hit by Filip Zadina and loses puck.
15:04 of 3rd period - Slapshot by Vince Dunn.
15:04 of 3rd period - Shot Blocked by Brendan Smith.
15:20 of 3rd period - Zack Kassian is hit by Esa Lindell and loses puck.
15:35 of 3rd period - Snap shot by Bo Horvat.
15:35 of 3rd period - Stopped by Kaapo Kahkonen without a rebound.
15:36 of 3rd period - Cody Glass wins face-off versus Bo Horvat in Oilers zone.
16:12 of 3rd period - Icing by Mark Giordano.
16:13 of 3rd period - Frans Nielsen wins face-off versus Cody Glass in Oilers zone.
17:08 of 3rd period - James Neal is hit by Kevin Shattenkirk and loses puck.
17:42 of 3rd period - Wrist shot by Tim Stutzle.
17:42 of 3rd period - Shot Misses the Net.
17:50 of 3rd period - Slapshot by Nick Ritchie.
17:50 of 3rd period - Deflect By Filip Zadina.
17:50 of 3rd period - Stopped by Kaapo Kahkonen with a rebound.
18:59 of 3rd period - Jordan Oesterle is hit by Bo Horvat and loses puck.
19:10 of 3rd period - Wrist shot by Ben Street.
19:10 of 3rd period - Stopped by John Gibson with a rebound.
19:12 of 3rd period - Slapshot by Jordan Oesterle.
19:12 of 3rd period - Shot Blocked by Esa Lindell.
19:14 of 3rd period - Slapshot by Jake Gardiner.
19:14 of 3rd period - Stopped by John Gibson with a rebound.
19:20 of 3rd period - Wrist shot by Ben Street.
19:20 of 3rd period - Deflect By Tomas Nosek.
19:20 of 3rd period - Shot Misses the Net.
19:20 of 3rd period - Puck is out of play.
19:21 of 3rd period - Nolan Pratt call a timeout for Maroons.
19:21 of 3rd period - Bo Horvat wins face-off versus Ben Street in Maroons zone.
19:28 of 3rd period - Esa Lindell is hit by Mark Giordano and loses puck.
19:50 of 3rd period - Snap shot by Ben Street.
19:50 of 3rd period - Shot Blocked by Gustav Nyquist.
19:52 of 3rd period - Slapshot by Kyle Okposo.
19:52 of 3rd period - Shot Misses the Net.
19:54 of 3rd period - Snap shot by Ben Street.
19:54 of 3rd period - Stopped by John Gibson without a rebound.
19:55 of 3rd period - Bo Horvat wins face-off versus Ben Street in Maroons zone.
Goals for this period are 0 for Maroons vs 1 for Oilers.
Shots for this period are 10 for Maroons vs 9 for Oilers. Output by the SimonT Hockey Simulator (STHS) for Eric Tremblay - Original Page W3C HTML5 Valid
Hockey Simulator - Hockey Simulation - Hockey Manager